AoeStats
← RatZakk

Oasis

508774575Analyzed
4v4 RM · 8d ago on Sep 24, 2026· 31m 15s· 8 players
Game mode
Random Map
Map size
Large (8 player)
Population
200
Speed
Normal
Resources
Standard
Victory
Conquest
Starting age
Dark Age
Ending age
Imperial Age
RankedLock teamsTeams togetherTeam positionsShared explorationLock speedFull tech treeHidden civsTurbo modeCheats
Victory
Defeat
🇨🇴 Malians · Colombia
1317
+13
🇨🇱 Britons · Chile
1274
+15
🇬🇷 Hindustanis · Greece
1272
+15
🇨🇴 Khmer · Colombia
1211
+16
🇨🇳 Saracens · China
1256
-15
🇻🇳 Saxons · Vietnam
1254
-15
🇻🇳 Vietnamese · Vietnam
1236
-15
🇹🇼 Varangians · Taiwan
1227
-14
Chú Năm
7:17 Loom
9:53 Feudal Age
13:53 Double-Bit Axe
25:40 Castle Age
23:41 Fletching
23:51 Padded Archer Armor
25:04 Padded Archer Armor
25:46 Gold Mining
25:37 Horse Collar
25:45 Crossbowman
26:48 Bow Saw
26:53 Bodkin Arrow
28:45 Thumb Ring
30:28 Wheelbarrow
[K]iro#
5:39 Loom
6:12 Loom
9:14 Feudal Age
10:30 Double-Bit Axe
11:55 Bloodlines
12:38 Horse Collar
14:13 Wheelbarrow
19:46 Castle Age
18:23 Forging
18:52 Scale Barding Armor
20:05 Bloodlines
20:55 Chain Barding Armor
23:04 Chain Barding Armor
23:19 Iron Casting
22:48 Husbandry
Alexander
10:31 Feudal Age
15:18 Castle Age
13:45 Double-Bit Axe
17:15 Bloodlines
17:47 Husbandry
20:06 Scale Barding Armor
24:50 Forging
26:51 Horse Collar
29:48 Chain Barding Armor
29:42 Loom
31:26 Wheelbarrow
31:30 Iron Casting
我大E了,没有闪
4:48 Loom
11:41 Feudal Age
18:13 Castle Age
16:39 Double-Bit Axe
16:34 Horse Collar
21:13 Bow Saw
21:07 Town Watch
AM | AndresBC
6:30 Loom
9:44 Feudal Age
10:20 Double-Bit Axe
15:56 Forging
16:45 Scale Barding Armor
18:49 Horse Collar
21:44 Castle Age
19:28 Man-at-Arms
20:31 Scale Mail Armor
22:01 Long Swordsman
22:42 Squires
23:01 Chain Mail Armor
23:16 Bow Saw
23:14 Arson
24:51 Pikeman
26:52 Iron Casting
31:08 Wheelbarrow
31:36 Heavy Plow
RatZakk
12:50 Feudal Age
12:31 Loom
13:15 Loom
17:49 Castle Age
16:28 Double-Bit Axe
16:28 Horse Collar
18:14 Wheelbarrow
18:51 Heavy Plow
18:50 Stone Mining
24:24 Bloodlines
24:37 Bow Saw
27:33 Hand Cart
27:29 Husbandry
28:13 Loom
31:38 Imperial Age
29:44 Gold Mining
30:51 Scale Barding Armor
lucasmauriciogona
7:28 Loom
9:24 Feudal Age
11:53 Double-Bit Axe
16:57 Wheelbarrow
20:54 Castle Age
19:26 Fletching
20:02 Horse Collar
20:16 Gold Mining
20:55 Crossbowman
21:33 Bodkin Arrow
23:47 Bow Saw
26:38 Ballistics
26:49 Padded Archer Armor
29:22 Heavy Plow
31:00 Gold Shaft Mining
nikos9730
10:32 Feudal Age
11:01 Loom
17:44 Wheelbarrow
17:22 Horse Collar
23:34 Castle Age
22:40 Forging
22:36 Scale Barding Armor
24:23 Scale Mail Armor
26:02 Heavy Plow
28:04 Bloodlines
27:54 Husbandry
28:01 Light Cavalry
29:59 Iron Casting
Connection lost

Rejoining the realm…

Still unreachable

The connection could not be restored.

Session expired

The server has moved on; the page needs a fresh start.